 Dungeon Crawl Stone Soup version 0.19-a0-593-gf2cdb02 (webtiles) character file.

1691 Crag the Fighter (level 9, -7/74 HPs)
             Began as a Human Monk on June 10, 2016.
             Was a Priest of Uskayaw.
             Mangled by Duvessa
             ... wielding a +0 short sword
              (10 damage)
             ... on level 6 of the Dungeon.
             The game lasted 00:25:33 (8064 turns).

Crag the Fighter (Human Monk)                       Turns: 8064, Time: 00:25:34

Health: -7/74      AC:  6    Str: 11    XL:     9   Next: 22%
Magic:  18/18      EV: 17    Int: 11    God:    Uskayaw [***...]
Gold:   318        SH:  0    Dex: 19    Spells: 0 memorised, 8 levels left

rFire  . . .     SeeInvis .       - Unarmed
rCold  . . .     Gourm    .     i - +0 leather armour
rNeg   . . .     Faith    +     (no shield)
rPois  .         Spirit   .     k - +0 helmet
rElec  .         Dismiss  .     (no cloak)
rCorr  .         Reflect  .     (no gloves)
SustAt .         Harm     .     (no boots)
MR     +....     Clarity  +     E - amulet of faith
Stlth  ++........ Rnd*Tele +    o - ring of magical power
                                p - ring of protection from magic

@: somewhat resistant to hostile enchantments, unstealthy
A: thin metallic scales 1, clarity, teleportitis 1
a: Stomp, Line Pass, Renounce Religion


You were on level 6 of the Dungeon.
You worshipped Uskayaw.
Uskayaw was most pleased with you.
You were hungry.

You visited 2 branches of the dungeon, and saw 7 of its levels.

You collected 318 gold pieces.

Inventory:

Armour
 a - a +0 robe
 i - a +0 leather armour (worn)
 k - a +0 helmet (worn)
Jewellery
 g - an uncursed ring of resist corrosion
 o - a ring of magical power (right hand)
 p - a ring of protection from magic (left hand)
 q - an uncursed amulet of magic regeneration
 v - an uncursed amulet of magic regeneration
 E - an amulet of faith (around neck)
Wands
 w - a wand of digging (0/24)
 G - a wand of flame (18/48)
Scrolls
 c - 2 scrolls of blinking {unknown}
 h - 8 scrolls of teleportation {unknown}
 l - 3 scrolls of enchant armour {unknown}
 m - 3 scrolls of magic mapping {unknown}
 r - a scroll of identify {unknown}
 x - 3 scrolls of remove curse {unknown}
 y - 2 scrolls of recharging {unknown}
 D - a scroll of amnesia {unknown}
Potions
 d - 4 potions of curing
 e - 3 potions of lignification {unknown}
 j - a potion of cure mutation {unknown}
 n - a potion of resistance {unknown}
 s - a potion of degeneration {unknown}
 t - a potion of mutation
 u - a potion of flight {unknown}
 A - a potion of might {unknown}
 B - 2 potions of agility {unknown}
 C - 3 potions of heal wounds {unknown}
Comestibles
 b - 2 bread rations
 f - 4 fruits
 z - 4 meat rations


   Skills:
 - Level 8.3 Fighting
 + Level 7.4 Dodging
 - Level 2.0 Stealth
 - Level 6.0 Unarmed Combat


You had 8 spell levels left.
You didn't know any spells.

Dungeon Overview and Level Annotations

Branches:
Dungeon (6/15)             Temple (1/1) D:4

Altars:
Dithmenos
Elyvilon
Gozag
Kikubaaqudgha
Nemelex Xobeh
Pakellas
Qazlal
Ru
Sif Muna
Trog
Uskayaw
Xom
Yredelemnul
Zin
The Shining One

Annotations:
D:6 Duvessa


Innate Abilities, Weirdness & Mutations

You are partially covered in thin metallic scales. (AC +2)
You possess an exceptional clarity of mind.
You are occasionally teleported next to monsters.


Message History

You hit Duvessa but do no damage.
Duvessa is moderately wounded.
The crimson imp is no longer paralysed.
Duvessa hits you with a short sword!
* * * LOW HITPOINT WARNING * * *
You closely miss Duvessa.
Duvessa is moderately wounded.
Duvessa hits you with a short sword.
* * * LOW HITPOINT WARNING * * *
You punch Duvessa!
Duvessa is heavily wounded.
Duvessa hits you with a short sword!
* * * LOW HITPOINT WARNING * * *
Duvessa hits you with a short sword.
* * * LOW HITPOINT WARNING * * *
It was a potion of mutation.
You feel extremely strange.
Your thoughts seem clearer.
Thin metallic scales grow over part of your body.
You feel weirdly uncertain. Duvessa hits you with a short sword!
You die...

.........### ###....##
#..#
#####......#####......#
#..# ##................#
#..#
##...............#####..#
#.................##...#
#......................#
#............._........#
#............#####.....#
#.........@..# ###...#
#........5e.## #####
#...........#
#...........#
#...........#
##..........#
######.....# ##....#
#....#


You could see Duvessa (berserk) and a crimson imp.

Vanquished Creatures
  Grinder (D:5)
  A phantom (D:5)
  3 ogres
  A centaur (D:5)
  A giant frog (D:6)
  Dowan (D:6)
  A scorpion (D:5)
  2 crimson imps (D:5)
  A jelly (D:6)
  3 giant frog skeletons
  2 hounds
  3 orc priests (D:3)
  A gnoll shaman (D:4)
  3 orc wizards
  A centaur skeleton (D:5)
  An iguana (D:3)
  6 worker ants
  A killer bee zombie (D:5)
  A worker ant zombie (D:5)
  7 gnolls
  A howler monkey skeleton (D:5)
  2 adders (D:3)
  A river rat (D:5)
  An ooze (D:4)
  An adder skeleton (D:5)
  An adder zombie (D:5)
  5 dart slugs
  5 worms
  6 giant geckos
  15 orcs
  5 giant cockroaches
  5 goblins
  4 hobgoblins
  5 jackals
  6 kobolds
  A quokka (D:3)
  2 ball pythons
  5 bats
  10 giant newts
  A quokka skeleton (D:4)
  16 rats
139 creatures vanquished.

Vanquished Creatures (others)
  2 orc wizards (D:4)
2 creatures vanquished.

Grand Total: 141 creatures vanquished

Notes
Turn   | Place    | Note
--------------------------------------------------------------
     0 | D:1      | Crag the Human Monk began the quest for the Orb.
     0 | D:1      | Reached XP level 1. HP: 18/18 MP: 1/1
   200 | D:1      | Reached XP level 2. HP: 23/24 MP: 2/2
   614 | D:2      | Reached XP level 3. HP: 26/29 MP: 3/3
   738 | D:2      | Reached skill level 5 in Unarmed Combat
  1129 | D:2      | Found an opulent altar of Gozag.
  1760 | D:3      | Reached XP level 4. HP: 30/35 MP: 4/4
  2200 | D:3      | Reached XP level 5. HP: 25/41 MP: 5/5
  2462 | D:3      | Found an oddly glowing altar of Pakellas.
  2486 | D:3      | Reached skill level 5 in Dodging
  2509 | D:3      | Reached XP level 6. HP: 7/47 MP: 6/6
  3027 | D:3      | Noticed a moth of wrath
  3030 | D:3      | Found a bloodstained altar of Trog.
  3188 | D:4      | Found a staircase to the Ecumenical Temple.
  4192 | D:3      | Reached skill level 4 in Fighting
  4192 | D:3      | Reached XP level 7. HP: 15/54 MP: 7/7
  4420 | Temple   | Entered the Ecumenical Temple
  4434 | Temple   | Became a worshipper of Uskayaw the Reveler
  4434 | Temple   | Reached * piety under Uskayaw
  4788 | D:4      | Reached ** piety under Uskayaw
  4793 | D:4      | Reached skill level 5 in Fighting
  4962 | D:4      | Reached *** piety under Uskayaw
  4971 | D:4      | Reached **** piety under Uskayaw
  5238 | D:4      | Found a deep blue altar of Sif Muna.
  5505 | D:5      | Entered Level 5 of the Dungeon
  5529 | D:5      | Noticed Grinder
  5536 | D:5      | Paralysed by Grinder for 7 turns
  5570 | D:5      | Paralysed by Grinder for 6 turns
  5578 | D:5      | Killed Grinder
  5578 | D:5      | Reached skill level 6 in Fighting
  5578 | D:5      | Reached XP level 8. HP: 6/65 MP: 8/8
  5880 | D:5      | Reached skill level 7 in Fighting
  5893 | D:5      | Reached ***** piety under Uskayaw
  6163 | D:5      | Found a basalt altar of Yredelemnul.
  6365 | D:5      | Found a white marble altar of Elyvilon.
  6524 | D:5      | Reached skill level 8 in Fighting
  6766 | D:5      | Found a sacrificial altar of Ru.
  6777 | D:5      | Found an ancient bone altar of Kikubaaqudgha.
  7132 | D:5      | Reached XP level 9. HP: 22/74 MP: 9/9
  7872 | D:6      | Found a sparkling altar of Nemelex Xobeh.
  8031 | D:6      | Noticed Dowan
  8033 | D:6      | Noticed Duvessa
  8056 | D:6      | Killed Dowan
  8063 | D:6      | HP: 3/74 [Duvessa/short sword (6)]
  8064 | D:6      | Gained mutation: You possess an exceptional clarity of mind. [potion of mutation]
  8064 | D:6      | Gained mutation: You are partially covered in thin metallic scales. (AC +2) [potion of mutation]
  8064 | D:6      | Gained mutation: You are occasionally teleported next to monsters. [potion of mutation]
  8064 | D:6      | Mangled by Duvessa

Vault maps used:
D:1:      dpeg_arrival_circle_labyrinth_a
D:2:      first_bread, nicolae_gozag_seed_capital, uniq_crazy_yiuf_cottage
D:3:      johnstein_pakellas_dig, tgw_trog
D:4:      led_sif_book, minmay_temple_entry_purple_smoke
D:5:      kennysheep_ying_yang, minitemple, gup_sewer_entry_bowl, uniq_grinder
D:6:      overflow_temple_1_default, uniq_duvessa
Temple:   eino_wide_crystal_templ_10

Skill      XL: |  1  2  3  4  5  6  7  8  9 |
---------------+----------------------------+-----
Unarmed Combat | 5 6 |  6.0
Dodging        | 4 5 6 7 |  7.4
Fighting       | 4 6 8 |  8.3
Stealth        | |  2.0

Action                   |  1- 3 |  4- 6 |  7- 9 || total
-------------------------+-------+-------+-------++-------
Melee: Unarmed           |   107 |   215 |   366 ||   688
       Punch             |     4 |     8 |    12 ||    24
Invok: Stomp             |       |       |     5 ||     5
Evoke: Wand              |       |     1 |       ||     1
  Use: Potion            |       |       |     2 ||     2
 Stab: Sleeping          |     8 |     2 |     5 ||    15
       Distracted        |       |     1 |       ||     1
       Paralysed         |       |       |     9 ||     9
  Eat: Chunk             |     3 |     7 |     9 ||    19
       Bread ration      |       |       |     1 ||     1
Armor: Leather armour    |    18 |    26 |    47 ||    91
Dodge: Dodged            |    71 |   112 |   238 ||   421
